cohdb
Replays
Latest Replays
All Replays
Popular Replays
Top Player Replays
Match Explorer
How It Works
Community
CoH3 Stats
Reddit
Sign in to upload your games and track your stats! →
Sign in with Steam
Match 44298353
Unlisted
Match 44298353
Overview
Messages
Build Orders
End
Scout Squad
Construct Barracks
Riflemen Squad
Riflemen Squad
M1 Mortar Team
Infantry Support Center
Construct Medical Station
Riflemen Squad
Grenade Package
Construct Weapon Support Center
M3 Armored Personnel Carrier
M1918 Browning Automatic Rifles
Engineer Squad
Construct Motor Pool
Selects Armored Battlegroup
Selects Fast Deploy
M24 Chaffee Light Tank
M8 Greyhound Armored Car
Selects Veteran Crews
Legionary
Makros
0
0
Comments
sign in to comment!
No comments posted yet!